 Dungeon Crawl Stone Soup version 0.30-a0-878-gc727b3d3d6 (webtiles) character file.

Game seed: 6988936486999893754

37808 112233 the Eclecticist (level 13, -3/80 HPs)
             Began as a Deep Elf Summoner on Mar 12, 2023.
             Was a High Priest of Sif Muna.
             Slain by an orc warrior
             ... wielding a +0 battleaxe
              (27 damage)
             ... on level 1 of the Orcish Mines.
             The game lasted 00:52:42 (20774 turns).

112233 the Eclecticist (Deep Elf Summoner)         Turns: 20774, Time: 00:52:42

Health: -3/80      AC:  8    Str:  5    XL:     13   Next: 60%
Magic:  12/38      EV: 23    Int: 35    God:    Sif Muna [*****.]
Gold:   1206       SH:  0    Dex: 23    Spells: 24/50 levels left

rFire   + . .      SeeInvis .    d - +5 long sword of the Revolution {freeze, rElec rC+ rN+ Dex+2}
rCold   + + .      Faith    +    (no shield)
rNeg    + . .      Spirit   .    u - +2 robe {rC+ rF+}
rPois   +          Reflect  .    a - +0 hat {Stlth+}
rElec   +          Rampage  .    (no cloak)
rCorr   .                        I - +0 pair of gloves
Will    +....                    G - +2 pair of boots "Wistroc" {rPois Int+3 Slay+4}
Stlth   ++++                     s - amulet of faith
HPRegen 0.33/turn                y - +6 ring of intelligence
MPRegen 0.26/turn                K - +6 ring of dexterity

@: forested
A: no striking features
a: Renounce Religion, Channel Magic, Forget Spell, Divine Exegesis


You were on level 1 of the Orcish Mines.
You worshipped Sif Muna.
Sif Muna was extremely pleased with you.
You visited 3 branches of the dungeon, and saw 16 of its levels.
You also visited: Bailey.

You collected 1206 gold pieces.

Inventory:

Hand Weapons
 d - the +5 long sword of the Revolution (weapon) {freeze, rElec rC+ rN+ Dex+2}
   (You found it on level 8 of the Dungeon)

   Dex:       It affects your dexterity (+2).
   rC:        It protects you from cold.
   rElec:     It insulates you from electricity.
   rN:        It protects you from negative energy.
Missiles
 E - 4 throwing nets
 Y - 3 curare-tipped darts
Armour
 a - a +0 hat of stealth (worn)
 u - a +2 robe of resistance (worn)
 G - the +2 pair of boots "Wistroc" (worn) {rPois Int+3 Slay+4}
   (You acquired it on level 12 of the Dungeon)

   Int:       It affects your intelligence (+3).
   Slay:      It affects your accuracy & damage with ranged weapons and melee
   (+4).
   rPois:     It protects you from poison.
 I - a +0 pair of gloves (worn)
Magical Staves
 R - a staff of fire
 U - a staff of air
Jewellery
 s - an amulet of faith (around neck)
 t - an amulet of regeneration
 x - an amulet of the acrobat
 y - a +6 ring of intelligence (left hand)
 K - a +6 ring of dexterity (right hand)
Wands
 c - a wand of acid (6)
 A - a wand of mindburst (11)
 D - a wand of polymorph (10)
 N - a wand of paralysis (9)
 Q - a wand of iceblast (5)
 T - a wand of flame (41)
Scrolls
 e - 3 scrolls of immolation
 f - 4 scrolls of fear
 g - 4 scrolls of poison
 i - 3 scrolls of amnesia
 k - a scroll of blinking
 q - 5 scrolls of teleportation
 r - 4 scrolls of vulnerability
 v - 3 scrolls of enchant weapon
 L - a scroll of enchant armour {unknown}
 O - a scroll of fog {unknown}
 P - 2 scrolls of noise {unknown}
 X - 2 scrolls of torment {unknown}
Potions
 b - 3 potions of magic
 h - 9 potions of curing
 j - 3 potions of lignification
 m - 4 potions of might
 n - a potion of brilliance {unknown}
 o - 6 potions of haste
 p - 2 potions of resistance
 w - 4 potions of mutation
 z - a potion of attraction {unknown}
 B - a potion of degeneration {unknown}
 C - a potion of cancellation {unknown}
 M - a potion of heal wounds {unknown}
Miscellaneous
 V - a phial of floods
 W - a piece from Xom's chessboard (15/15)


   Skills:
 + Level 8.8 Fighting
 + Level 13.0 Dodging
 - Level 4.0 Stealth
 * Level 19.1 Spellcasting
 + Level 12.5 Summonings


You had 24 spell levels left.
You knew the following spells:

 Your Spells              Type           Power      Damage    Failure   Level
a - Summon Lightning Spi  Summ/Air       67%        N/A       1%          4
b - Summon Hydra          Summ           44%        N/A       4%          7
c - Summon Forest         Summ/Tloc      33%        N/A       1%          5
d - Summon Guardian Gole  Hex/Summ       67%        N/A       1%          3
e - Apportation           Tloc           66%        N/A       1%          1
f - Summon Small Mammal   Summ           100%       N/A       0%          1
g - Call Imp              Summ           88%        N/A       0%          2
h - Call Canine Familiar  Summ           88%        N/A       0%          3

Your spell library contained the following spells:

 Spells                   Type           Power      Damage    Failure   Level
 Beastly Appendage        Tmut           66%        N/A       1%          1
 Foxfire                  Conj/Fire      100%       2x1d9     1%          1
 Magic Dart               Conj           100%       1d8       1%          1
 Necrotise                Necr           100%       1d9       1%          1
 Shock                    Conj/Air       100%       1d9       1%          1
 Slow                     Hex            100%       N/A       1%          1
 Ensorcelled Hibernation  Hex/Ice        66%        N/A       1%          2
 Wereblood                Tmut           33%        N/A       1%          2
 Summon Mana Viper        Hex/Summ       67%        N/A       1%          5
 Confusing Touch          Hex            33%        N/A       3%          3
 Mephitic Cloud           Conj/Pois/Air  33%        N/A       3%          3
 Portal Projectile        Hex/Tloc       66%        N/A       3%          3
 Spider Form              Tmut/Pois      33%        N/A       3%          3
 Swiftness                Air            33%        N/A       3%          3
 Tukima's Dance           Hex            33%        N/A       3%          3
 Vampiric Draining        Necr           33%        2d8       3%          3
 Airstrike                Air            16%        2d(3-19)  10%         4
 Anguish                  Hex/Necr       16%        N/A       10%         4
 Ice Form                 Ice/Tmut       33%        N/A       10%         4
 Manifold Assault         Tloc           33%        N/A       10%         4
 Agony                    Necr           33%        N/A       26%         5
 Blade Hands              Tmut           16%        N/A       26%         5
 Silence                  Hex/Air        16%        N/A       26%         5
 Haunt                    Necr/Summ      33%        N/A       52%         7
 Conjure Ball Lightning   Conj/Air       16%        3x3d6     83%         6
 Death Channel            Necr           16%        N/A       83%         6
 Dispersal                Tloc           16%        N/A       83%         6
 Eringya's Noxious Bog    Tmut/Pois      16%        N/A       83%         6
 Simulacrum               Ice/Necr       16%        N/A       83%         6
 Discord                  Hex            16%        N/A       100%        8
 Disjunction              Tloc           16%        N/A       100%        8
 Ignition                 Fire           16%        3d7       100%        8
 Necromutation            Tmut/Necr      16%        N/A       100%        8
 Fire Storm               Conj/Fire      16%        8d4       100%        9


Dungeon Overview and Level Annotations

Branches:
Dungeon (13/15)            Temple (1/1) D:6            Lair (0/5) D:10
    Orc (2/2) D:12         Bailey (visited)
    Elf: Orc:2       Vaults: D:13-14

Altars:
Ashenzari
Cheibriados
Dithmenos
Elyvilon
Fedhas
Gozag
Hepliaklqana
Kikubaaqudgha
Makhleb
Nemelex Xobeh
Okawaru
Ru
Sif Muna
Trog
Vehumet
Wu Jian
Xom
Yredelemnul
Zin
The Shining One

Shops:
D:1 [:*!

Annotations:
D:3 1 runed translucent door, Crazy Yiuf
D:5 1 runed translucent door, zx48k's ghost, novice GnFi
D:10 4 transporters
D:11 2 transporters


Message History

The troll completely misses your four-headed hydra.
Your four-headed hydra bites the troll.
Your four-headed hydra closely misses the troll.
Your four-headed hydra bites the troll!
The troll dies!
Sif Muna accepts your kill.
Your four-headed hydra completely misses the orc warrior.
The rust devil hits your four-headed hydra.
Your four-headed hydra seems to be corroded for longer.
The orc high priest hits your four-headed hydra with a +0 hand axe!
Your four-headed hydra dies!
Your four-headed hydra's corpse disappears in a puff of smoke!
An orc sorcerer comes into view.
It is wielding a +0 dagger and wearing a +0 robe of cold resistance.
The orc warrior hits you but does no damage.
An orc sorcerer comes into view. It is wielding a +0 dagger.
The orc warrior shoots a bolt.
The bolt closely misses you. The bolt hits your lightning spire!
The orc high priest shouts!
The orange demon misses you.
The orc knight roars a battlecry!
The orc sorcerer goes into a battle-frenzy!
The orc warrior closely misses you. The orange demon misses you.
The rust devil closely misses you.
The orc sorcerer wildly gestures.
You feel troubled.
The orc warrior hits you with a +0 battleaxe!
The orc warrior unwields a +0 arbalest.
The orc warrior wields a +0 hand axe.
The orc warrior barely misses you.
You climb upwards.
Your summoned ally is left behind.
The rust devil disappears in a puff of smoke!
The orange demon disappears in a puff of smoke!
The rust devil disappears in a puff of smoke!
There is a stone staircase leading down here.
Casting: Summon Hydra (dangerous; 4% risk of failure)
Confirm with . or Enter, or press ? or * to list all spells.
A five-headed hydra appears.
The orc high priest hits you with a +0 hand axe!
* * * LOW HITPOINT WARNING * * *
The orc warrior hits you with a +0 battleaxe!!
You die...

###....######''######......##
.#............[.............#
..#........................##
............................#
..#.#....................#..###
..##......#.........^....#....##
...........#.[).....[.....#....##
........#.......o....<...##.....#
.....#.........o@o[.....##......#
.................)D[).......#..##
..................)(.........###
..#...........)..).[..........##
........#....>.................#
#.#...............[............#
.###.##........................#
## #####...#.........#......#.##
# ########################


You could see an orc high priest (strong), 2 orc warriors and a friendly
five-headed hydra (summoned).

Vanquished Creatures
  A two-headed ogre (D:12)
  A cyclops (Orc:1)
  A troll (D:12)
  A vampire mosquito (D:12)
  2 orc warriors (D:12)
  2 ogres (D:12)
  5 kobold brigands (D:12)
  A phantom (D:5)
  2 bullfrogs
  2 gnoll sergeants (D:12)
  A howler monkey (D:11)
  2 orc wizards
  An adder (D:5)
  7 gnolls (D:12)
  4 orcs
  2 hobgoblins
  A jackal (D:4)
  2 bats
  A kobold (D:7)
39 creatures vanquished.

Vanquished Creatures (collateral kills)
  Nessos (D:13)
  Harold (Orc:1)
  Fannar (D:11)
  A hydra (D:11)
  3 centaur warriors
  4 boulder beetles
  5 two-headed ogres
  A deep elf knight (D:12)
  3 skeletal warriors
  A fire crab (D:11)
  2 deep elf zephyrmancers
  A deep elf pyromancer (Orc:1)
  An orc knight (Orc:2)
  2 ugly things
  A cyclops (D:13)
  Maggie (D:8)
  A kobold demonologist (Bailey)
  An unseen horror (D:12)
  4 meliai
  A troll (shapeshifter) (D:13)
  4 trolls
  7 slime creatures (D:12)
  Sigmund (D:3)
  2 shadows
  A wraith (D:12)
  2 wyverns (D:9)
  14 yaks
  A redback (shapeshifter) (D:11)
  8 vampire mosquitoes
  3 wargs
  4 water moccasins
  Duvessa (D:6)
  A swamp drake (Orc:1)
  23 orc warriors
  A sky beast (D:6)
  A black bear (D:6)
  A black bear (shapeshifter) (D:13)
  2 ice beasts
  5 ogres
  7 centaurs
  A phantom (D:5)
  3 kobold brigands
  Blork the orc (D:5)
  3 bullfrogs
  6 scorpions
  5 wights
  Dowan (D:6)
  6 killer bees
  8 howler monkeys
  An electric eel (Bailey)
  A crimson imp (Orc:1)
  2 jellies
  A hound (D:5)
  14 orc priests
  3 gnoll boudas
  An iron imp (Orc:1)
  Terence (D:2)
  15 orc wizards
  Natasha (thrice) (D:2)
  25 gnolls
  8 adders
  2 shadow imps
  2 white imps
  An ufetubus (D:6)
  2 dart slugs
  58 orcs
  4 ball pythons
  8 endoplasms
  2 giant cockroaches
  12 goblins
  8 hobgoblins
  6 jackals
  4 quokkas
  13 bats
  3 frilled lizards
  17 kobolds
  3 rats
379 creatures vanquished.

Vanquished Creatures (others)
  A rakshasa (D:12)
  2 skeletal warriors (D:13)
  2 manticores (D:12)
  An unseen horror (D:12)
  A komodo dragon (D:10)
  A hornet (D:10)
  A yak (D:10)
  4 vampire mosquitoes
  A warg (D:10)
  Edmund (D:6)
  A warg (shapeshifter) (D:11)
  A water moccasin (D:5)
  2 killer bees (D:11)
  An orc priest (D:10)
  A gnoll bouda (D:6)
  2 orc wizards
  A gnoll (D:7)
  2 orcs (D:10)
  12 fungi
  A plant (D:10)
  A snaplasher vine (D:11)
40 creatures vanquished.

Grand Total: 458 creatures vanquished

Notes
Turn   | Place    | Note
-------+----------+-------------------------------------------
     0 | D:1      | 112233 the Deep Elf Summoner began the quest for the Orb.
     0 | D:1      | Reached XP level 1. HP: 10/10 MP: 6/6
    18 | D:1      | Found Yppocug's Distillery.
   253 | D:1      | Found Yraocvyhi's General Store.
   349 | D:1      | Reached XP level 2. HP: 15/15 MP: 5/8
   356 | D:1      | Learned a level 2 spell: Call Imp
   435 | D:1      | Found Ciugg's Antique Armour Boutique.
   593 | D:1      | Found Buoc's Book Emporium.
  1015 | D:2      | Noticed Terence
  1070 | D:2      | Killed Terence
  1071 | D:2      | Reached XP level 3. HP: 19/19 MP: 10/10
  1122 | D:2      | Learned a level 3 spell: Call Canine Familiar
  1167 | D:2      | Noticed Natasha
  1184 | D:2      | Killed Natasha
  1185 | D:2      | Reached XP level 4. HP: 24/24 MP: 6/11
  1239 | D:2      | Found a faded altar of an unknown god.
  1276 | D:2      | Reached skill level 4 in Spellcasting
  1348 | D:2      | Noticed Natasha
  1364 | D:2      | Killed Natasha
  1365 | D:2      | Reached skill level 5 in Summonings
  1815 | D:2      | Learned a level 1 spell: Apportation
  1819 | D:2      | Learned a level 3 spell: Summon Guardian Golem
  2101 | D:2      | Noticed Natasha
  2108 | D:2      | Killed Natasha
  2109 | D:2      | Reached XP level 5. HP: 28/28 MP: 9/13
  2460 | D:3      | Found a sparkling altar of Nemelex Xobeh.
  2461 | D:3      | Found a burning altar of Makhleb.
  2473 | D:3      | Noticed Sigmund
  2857 | D:3      | Found a snail-covered altar of Cheibriados.
  3151 | D:3      | Killed Sigmund
  3152 | D:3      | Reached skill level 1 in Fighting
  3152 | D:3      | Reached skill level 5 in Spellcasting
  3152 | D:3      | Reached XP level 6. HP: 25/34 MP: 1/16
  3383 | D:3      | Found a runed translucent door.
  3384 | D:3      | Noticed Crazy Yiuf
  3912 | D:4      | Reached skill level 6 in Spellcasting
  3975 | D:4      | Learned a level 4 spell: Summon Lightning Spire
  4209 | D:4      | Reached XP level 7. HP: 38/38 MP: 12/18
  4715 | D:5      | Entered Level 5 of the Dungeon
  5021 | D:5      | Reached skill level 5 in Dodging
  5058 | D:5      | Noticed Blork the orc
  5074 | D:5      | Killed Blork the orc
  5075 | D:5      | Reached skill level 7 in Spellcasting
  5463 | D:5      | Noticed zx48k's ghost (novice GnFi)
  5470 | D:5      | Found a runed translucent door.
  5537 | D:5      | Reached skill level 8 in Spellcasting
  5537 | D:5      | Reached XP level 8. HP: 45/45 MP: 22/22
  6174 | D:5      | Reached skill level 9 in Spellcasting
  6970 | D:6      | Found a staircase to the Ecumenical Temple.
  6981 | Temple   | Entered the Ecumenical Temple
  7010 | Temple   | Became a worshipper of Sif Muna the Loreminder
  7028 | D:6      | Noticed Edmund
  7049 | D:6      | Killed Edmund
  7121 | D:6      | Reached skill level 10 in Spellcasting
  7121 | D:6      | Reached XP level 9. HP: 35/52 MP: 8/25
  7286 | D:6      | Noticed Duvessa
  7290 | D:6      | Noticed Dowan
  7301 | D:6      | Killed Duvessa
  7310 | D:6      | Killed Dowan
  8113 | D:7      | Reached * piety under Sif Muna
  8286 | D:7      | Reached skill level 11 in Spellcasting
  9090 | D:7      | Found an iron altar of Okawaru.
  9305 | D:7      | Found a white marble altar of Elyvilon.
  9628 | D:8      | Reached skill level 12 in Spellcasting
  9628 | D:8      | Reached XP level 10. HP: 48/58 MP: 20/28
  9693 | D:8      | Reached ** piety under Sif Muna
  9694 | D:8      | Noticed Maggie
  9711 | D:8      | Killed Maggie
  9712 | D:8      | Reached skill level 5 in Fighting
  9784 | D:8      | Identified the +5 long sword of the Revolution {freeze,
                  | rElec rC+ rN+ Dex+2}
  9954 | D:8      | Found a flagged portal.
  9974 | Bailey   | Entered a bailey
 10804 | Bailey   | Found an iron altar of Okawaru.
 10813 | Bailey   | Noticed a soul eater
 11009 | Bailey   | Reached *** piety under Sif Muna
 11086 | Bailey   | Reached skill level 13 in Spellcasting
 12271 | D:9      | Found a radiant altar of Vehumet.
 12568 | D:9      | Reached XP level 11. HP: 38/64 MP: 16/30
 12901 | D:9      | Reached skill level 14 in Spellcasting
 13035 | D:10     | Entered Level 10 of the Dungeon
 13040 | D:10     | Noticed a two-headed ogre
 13050 | D:10     | Killed a two-headed ogre
 13058 | D:10     | Reached **** piety under Sif Muna
 13591 | D:10     | Found an ancient bone altar of Kikubaaqudgha.
 13638 | D:10     | Found a bloodstained altar of Trog.
 13647 | D:10     | Noticed a two-headed ogre
 13657 | D:10     | Killed a two-headed ogre
 13658 | D:10     | Reached skill level 10 in Dodging
 13658 | D:10     | Reached skill level 10 in Summonings
 13834 | D:10     | Found a staircase to the Lair.
 14203 | D:10     | Found a transporter.
 14203 | D:10     | Found a transporter.
 14208 | D:10     | Found a transporter.
 14238 | D:10     | Found a transporter.
 14575 | D:10     | Reached skill level 15 in Spellcasting
 14726 | D:11     | Noticed a boulder beetle
 14933 | D:11     | Noticed a brown ugly thing
 14977 | D:10     | Acquired a Fen Folio
 14985 | D:10     | Learned a level 5 spell: Summon Forest
 15055 | D:11     | Killed a boulder beetle
 15281 | D:11     | Noticed Fannar
 15290 | D:11     | Killed Fannar
 15393 | D:11     | Noticed a boulder beetle
 15411 | D:11     | Killed a boulder beetle
 15455 | D:11     | Reached ***** piety under Sif Muna
 15576 | D:11     | Killed a brown ugly thing
 15679 | D:11     | Noticed an orb spider
 15739 | D:12     | Noticed a brown ugly thing
 15747 | D:12     | Killed a brown ugly thing
 15751 | D:12     | Reached skill level 16 in Spellcasting
 15751 | D:12     | Reached XP level 12. HP: 61/72 MP: 14/34
 15893 | D:12     | Noticed a two-headed ogre
 16616 | D:11     | Found a transporter.
 16666 | D:11     | Noticed a four-headed hydra
 16677 | D:11     | Killed a four-headed hydra
 17118 | D:12     | Noticed a boulder beetle
 17124 | D:12     | Killed a boulder beetle
 17132 | D:12     | Received a gift from Sif Muna
 17136 | D:12     | Got Sif Muna's Tome of the Gestalt and Cinders {god gift}
 17421 | D:12     | Noticed a rakshasa
 17514 | D:12     | Reached skill level 17 in Spellcasting
 17613 | D:12     | Noticed a boulder beetle
 17636 | D:12     | Killed a boulder beetle
 17642 | D:12     | Acquired the +2 pair of boots "Wistroc" {rPois Int+3
                  | Slay+4}
 17706 | D:12     | Noticed a two-headed ogre
 17715 | D:12     | Killed a two-headed ogre
 17783 | D:12     | Killed a two-headed ogre
 17922 | D:12     | Killed a rakshasa
 18330 | D:12     | Found a staircase to the Orcish Mines.
 18534 | D:11     | Found a transporter.
 18790 | D:12     | Noticed a two-headed ogre
 18800 | D:12     | Killed a two-headed ogre
 19039 | D:12     | Identified the +4 mace "Curychot" {heavy, rF+ rCorr}
 19039 | D:12     | Noticed a centaur warrior
 19048 | D:12     | Killed a centaur warrior
 19049 | D:12     | Reached skill level 18 in Spellcasting
 19049 | D:12     | Reached XP level 13. HP: 69/78 MP: 25/37
 19636 | D:13     | Received a gift from Sif Muna
 19709 | D:13     | Got Sif Muna's Volume of Imprecation and Last Rites {god
                  | gift}
 19718 | D:13     | Learned a level 7 spell: Summon Hydra
 19929 | D:13     | Noticed Nessos
 19935 | D:13     | Killed Nessos
 19942 | D:13     | Noticed an ironbound preserver
 20061 | Orc:1    | Entered Level 1 of the Orcish Mines
 20064 | Orc:1    | Noticed Harold
 20080 | Orc:1    | Killed Harold
 20615 | Orc:2    | Entered Level 2 of the Orcish Mines
 20619 | Orc:2    | Reached skill level 19 in Spellcasting
 20774 | Orc:1    | Slain by an orc warrior

Illustrated notes

Levels and vault maps discovered:
D:1:      scummos_arrival_forest, layout_rooms, serial_shops,
          nicolae_shop_window_shopping, nicolae_shop_crystal, shop_statue, shop
D:2:      layout_loops_ring, hellmonk_ecumenical_altar_heavens_door,
          uniq_terence, uniq_natasha
D:3:      layout_rooms, kennysheep_slug_shrine, nicolae_overflow_squiral,
          uniq_sigmund, uniq_crazy_yiuf_cottage
D:4:      layout_cave_pods, roderic_serpentine_path
D:5:      old_forge, layout_loops_ring, hellmonk_ghost_happy_afterlife,
          uniq_blork_the_orc
D:6:      layout_gridville, minmay_temple_entry_sparse_star, uniq_duvessa,
          uniq_edmund
D:7:      layout_layer_cave, hellmonk_okawaru_the_only_friend_you_need,
          nicolae_elyvilon_peaceful_grove
D:8:      layout_basic, enter_bailey_4, grunt_ministairs_14, uniq_maggie
D:9:      layout_irregular_city, marbit_many_paths
D:10:     layout_basic, mainiacjoe_overflow_small_starburst,
          mainiacjoe_overflow_six_doors_small, erik_lair_orcish_takeover,
          st_stairs_9, nicolae_diode_quadrants
D:11:     minmay_glassy_protrusions, layout_cave_pools, nicolae_diode_stairs,
          uniq_fannar
D:12:     minmay_the_grid_four_pointed_star
          [minmay_the_grid_triangle_9x9_windchime,
          minmay_the_grid_triangle_9x9_wacky_v,
          minmay_the_grid_triangle_9x9_sparse_checkered,
          minmay_the_grid_triangle_9x9_impossible_snake,
          minmay_the_grid_prize_shrinking_boxes], layout_loops_ring,
          kennysheep_orc_monster_closet_entryway
D:13:     layout_loops_ring, skrybe_vaults_entry_preservation, uniq_nessos
Temple:   eino_temple_lava
Orc:1:    layout_caves, basic_altar, hangedman_minor_magic, uniq_harold
Orc:2:    grunt_orc_gardens, layout_caves, grunt_orc_garden, grunt_orc_garden,
          grunt_orc_garden, grunt_orc_garden

Skill      XL: |  1  2  3  4  5  6  7  8  9 10 11 12 13 |
---------------+----------------------------------------+-----
Dodging        | 3 4 5 6 8 9 10 12 13 | 13.0
Stealth        | 3 4 |  4.0
Spellcasting   | 4 5 6 8 10 12 13 16 18 19 | 19.1
Summonings     | 5 6 7 8 9 10 11 12 | 12.5
Fighting       | 1 2 3 4 5 7 8 |  8.8

Action                     |  1- 3 |  4- 6 |  7- 9 | 10-12 | 13-15 || total
---------------------------+-------+-------+-------+-------+-------++-------
  Melee: Whip              |       |    19 |    45 |       |       ||    64
         Punch             |       |     1 |     1 |       |       ||     2
         Long sword        |       |       |       |    21 |     5 ||    26
   Cast: Summon Small Mamm |    31 |    20 |     4 |       |       ||    55
         Call Imp          |    12 |    28 |    40 |    43 |     2 ||   125
         Call Canine Famil |     1 |    19 |    52 |    74 |    10 ||   156
         Summon Guardian G |       |     5 |    26 |    40 |     7 ||    78
         Apportation       |       |     1 |       |       |       ||     1
         Summon Lightning  |       |       |    15 |   101 |    15 ||   131
         Summon Forest     |       |       |       |     6 |     7 ||    13
         Summon Hydra      |       |       |       |       |    15 ||    15
  Evoke: Wand              |       |       |     2 |     1 |       ||     3
    Use: Potion            |     1 |     1 |       |       |       ||     2
         Scroll            |       |     1 |     7 |     5 |     5 ||    18
   Stab: Distracted        |       |     1 |     1 |       |     1 ||     3
 Armour: Robe              |     1 |     9 |    36 |    31 |     4 ||    81
  Dodge: Dodged            |    12 |    35 |   142 |   154 |    68 ||   411

Table legend: (Time is in decaauts)
 A = Elapsed time spent in this place.
 B = Non-inter-level travel time spent in this place.
 C = Inter-level travel time spent in this place.
 D = Time resting spent in this place.
 E = Time spent auto-exploring this place.
 F = Levels seen in this place.
 G = Mean time per level.
                   A        B        C        D        E       F      G
               +--------+--------+--------+--------+--------+-----+--------+
         Total |  20814 |  20109 |    705 |   4605 |  11475 |  17 | 1224.4 |
       Dungeon |  19046 |  18381 |    665 |   3984 |  10907 |  13 | 1465.1 |
        Temple |     38 |     24 |     14 |      0 |     18 |   1 |   38.0 |
  Orcish Mines |    562 |    537 |     25 |    124 |    297 |   2 |  281.0 |
        Bailey |   1166 |   1166 |      0 |    497 |    253 |   1 | 1166.0 |
               +--------+--------+--------+--------+--------+-----+--------+

Top non-repeatable levels by time:
    D:12: 2412 daAuts
    D:11: 2023 daAuts
     D:5: 1948 daAuts
    D:10: 1904 daAuts
     D:7: 1720 daAuts
     D:2: 1470 daAuts
     D:9: 1404 daAuts
     D:3: 1361 daAuts
  Bailey: 1166 daAuts
     D:8: 1154 daAuts
     D:4: 1153 daAuts
     D:6: 1103 daAuts
     D:1: 734 daAuts
    D:13: 655 daAuts
   Orc:1: 525 daAuts
